 Dungeon Crawl Stone Soup version 0.26-a0-597-gb535b0901c (webtiles) character file.

Game seed: 12262970299748891478

456629 MrRokkomies the Scorcher (level 23, -12/141 HPs)
             Began as a Deep Elf Ice Elementalist on Aug 24, 2020.
             Was an Initiate of Gozag.
             Mangled by a storm dragon simulacrum (19 damage)
             ... summoned by a curse skull
             ... on level 2 of the Crypt on Aug 25, 2020.
             The game lasted 03:06:32 (64941 turns).

MrRokkomies the Scorcher (DEIE)                    Turns: 64941, Time: 03:06:34

Health: -12/141    AC: 15    Str:  7    XL:     23   Next: 29%
Magic:  6/44       EV: 25    Int: 37    God:    Gozag
Gold:   6223       SH:  8    Dex: 15    Spells: 3/52 levels left

rFire    + + +     SeeInvis +   a - +9 demon blade (elec)
rCold    + . .     Faith    .   w - +3 buckler {rF+}
rNeg     + . .     Spirit   .   S - +3 salamander hide armour {Flames rF++ rC--}
rPois    +         Reflect  .   T - +1 hat of Sif Muna's Castigation {rElec rF- rN+ SInv}
rElec    +         Harm     .   u - scarf {rC+ rF+}
rCorr    .                      N - +3 pair of gauntlets of War {Slay+5}
MR       ++...                  J - +2 pair of boots
Stlth    ++........             O - amulet of the Solstice {*Drain rPois Regen+ Str+2}
HPRegen  0.73/turn              I - ring of protection from cold
MPRegen  0.29/turn              P - ring "Gas Fipuc" {+Blink rElec rPois rC+ Int+6}

@: gold aura
A: no striking features
}: 2/15 runes: decaying, gossamer
a: Potion Petition, Call Merchant, Bribe Branch, Renounce Religion, Evoke Blink


You were on level 2 of the Crypt.
You worshipped Gozag.
Gozag was greatly pleased with you.
You visited 9 branches of the dungeon, and saw 41 of its levels.
You visited 1 bazaar.
You also visited: Sewer, Ossuary, Gauntlet and Desolation.

You collected 20681 gold pieces.
You spent 8231 gold pieces at shops.
You paid 6227 gold pieces to Gozag.

Inventory:

Hand Weapons
 a - a +9 demon blade of electrocution (weapon)
Missiles
 i - 140 poisoned darts (quivered)
 G - 5 throwing nets
Armour
 u - a scarf of resistance (worn)
 w - a +3 buckler of fire resistance (worn)
 J - a +2 pair of boots (worn)
 N - the +3 pair of gauntlets of War (worn) {Slay+5}
   (You bought it in a shop on level 10 of the Dungeon)

   It affects your accuracy and damage with ranged weapons and melee attacks
   (+5).
 S - the +3 salamander hide armour (worn) {Flames rF++ rC--}
   (You bought it in a shop on level 10 of the Dungeon)

   It greatly protects you from fire.
   It makes you very vulnerable to cold.
 T - the +1 hat of Sif Muna's Castigation (worn) {rElec rF- rN+ SInv}
   (You found it in a Gauntlet)

   It makes you vulnerable to fire.
   It insulates you from electricity.
   It protects you from negative energy.
   It lets you see invisible.
Magical Staves
 b - an uncursed staff of conjuration
Jewellery
 I - a ring of protection from cold (left hand)
 O - the amulet of the Solstice (around neck) {*Drain rPois Regen+ Str+2}
   (You found it in the Desolation of Salt)

   [amulet of regeneration]

   It affects your strength (+2).
   It protects you from poison.
   It increases your rate of regeneration.
   It causes draining when unequipped.
 P - the ring "Gas Fipuc" (right hand) {+Blink rElec rPois rC+ Int+6}
   (You took it off a deep elf annihilator on level 3 of the Elven Halls)

   [ring of protection from cold]

   It affects your intelligence (+6).
   It protects you from cold.
   It insulates you from electricity.
   It protects you from poison.
   It lets you blink.
 X - an uncursed ring of resist corrosion
Wands
 f - a wand of acid (14)
 j - a wand of digging (15)
 p - a wand of polymorph (36)
 s - a wand of iceblast (16)
 x - a wand of enslavement (38)
 K - a wand of paralysis (63)
 V - a wand of disintegration (25)
Scrolls
 c - 22 scrolls of teleportation
 k - 3 scrolls of silence
 l - 21 scrolls of identify
 r - 2 scrolls of fear
 t - 18 scrolls of remove curse
 z - 11 scrolls of immolation
 C - 3 scrolls of amnesia
 D - 5 scrolls of fog
 E - 5 scrolls of enchant armour
 H - 3 scrolls of magic mapping
 L - 4 scrolls of enchant weapon
 Z - 8 scrolls of blinking
Potions
 d - 7 potions of mutation
 e - 8 potions of flight
 h - 4 potions of might
 m - 7 potions of haste
 n - 10 potions of heal wounds
 o - 5 potions of berserk rage
 q - 16 potions of curing
 A - 5 potions of lignification
 B - 7 potions of brilliance
 F - 2 potions of stabbing
 M - 3 potions of invisibility
 U - 5 potions of resistance
 W - 2 potions of cancellation
 Y - 11 potions of ambrosia
Miscellaneous
 Q - a box of beasts (3/3)


   Skills:
 * Level 13.9 Fighting
 + Level 12.9 Long Blades
 - Level 7.4 Armour
 * Level 19.6 Dodging
 - Level 2.4 Stealth
 - Level 4.0 Shields
 - Level 15.0 Spellcasting
 - Level 18.0 Conjurations
   Level 5.0 Summonings
 - Level 5.0 Translocations
 - Level 20.0 Fire Magic
 - Level 12.0 Ice Magic


You had 3 spell levels left.
You knew the following spells:

 Your Spells              Type           Power        Failure   Level
a - Ignition              Fire           ########..   3%          8
b - Frozen Ramparts       Ice            ######       1%          3
c - Fireball              Conj/Fire      ########..   1%          5
d - Starburst             Conj/Fire      ########..   1%          6
e - Hailstorm             Conj/Ice       #######.     1%          4
f - Blink                 Tloc           N/A          1%          2
g - Sticky Flame          Conj/Fire      ########     0%          4
h - Orb of Destruction    Conj           ########..   1%          7
i - Ozocubu's Refrigerat  Ice            #######...   1%          6
j - Iskenderun's Mystic   Conj/Tloc      #######.     1%          4

Your spell library contained the following spells:

 Spells                   Type           Power        Failure   Level
 Foxfire                  Conj/Fire      ####         0%          1
 Freeze                   Ice            ####         0%          1
 Magic Dart               Conj           ####         0%          1
 Searing Ray              Conj           ######       0%          2
 Conjure Flame            Conj/Fire      ########     0%          3
 Beastly Appendage        Tmut           ####..       1%          1
 Sandblast                Erth           ####..       1%          1
 Shock                    Conj/Air       ####         1%          1
 Sting                    Tmut/Pois      ####         1%          1
 Summon Small Mammal      Summ           ####         1%          1
 Call Imp                 Summ           ######..     1%          2
 Ensorcelled Hibernation  Hex/Ice        ######       1%          2
 Call Canine Familiar     Summ           ######..     1%          3
 Dazzling Flash           Conj/Hex       ######       1%          3
 Gell's Gravitas          Tloc           ######....   1%          3
 Ignite Poison            Fire/Tmut/Pois #######.     1%          3
 Inner Flame              Hex/Fire       ########     1%          3
 Lesser Beckoning         Tloc           ######....   1%          3
 Mephitic Cloud           Conj/Pois/Air  ######..     1%          3
 Ozocubu's Armour         Ice            #######.     1%          3
 Portal Projectile        Hex/Tloc       #####.       1%          3
 Static Discharge         Conj/Air       #######.     1%          3
 Stone Arrow              Conj/Erth      ######       1%          3
 Summon Guardian Golem    Hex/Summ       #####...     1%          3
 Passwall                 Tmut/Erth      ####....     2%          2
 Poisonous Vapours        Pois/Air       ####..       2%          2
 Slow                     Hex            ####....     2%          2
 Sublimation of Blood     Necr           ####......   2%          2
 Swiftness                Air            ####....     2%          2
 Wereblood                Tmut           ####....     2%          2
 Spider Form              Tmut/Pois      ####......   5%          3
 Fulminant Prism          Conj/Hex       #######...   1%          4
 Ice Form                 Ice/Tmut       ######..     1%          4
 Summon Ice Beast         Ice/Summ       ######..     1%          4
 Bolt of Magma            Conj/Fire/Erth ########..   1%          5
 Irradiate                Conj/Tmut      #######...   1%          5
 Iskenderun's Battlesphe  Conj           ########     1%          5
 Lightning Bolt           Conj/Air       #######...   1%          5
 Metabolic Englaciation   Hex/Ice        ######....   4%          5
 Freezing Cloud           Conj/Ice/Air   #######...   4%          6
 Summon Lightning Spire   Summ/Air       #####...     6%          4
 Conjure Ball Lightning   Conj/Air       #######...   7%          6
 Iron Shot                Conj/Erth      #######...   7%          6
 Spellforged Servitor     Conj/Summ      #######...   14%         7
 Airstrike                Air            ####......   19%         4
 Leda's Liquefaction      Hex/Erth       ####......   19%         4
 Petrify                  Tmut/Erth      ####....     19%         4
 Summon Mana Viper        Hex/Summ       #####...     19%         5
 Dispersal                Tloc           ######....   34%         6
 Shadow Creatures         Summ           N/A          34%         6
 Alistair's Intoxication  Tmut/Pois      ####.....    45%         5
 Blade Hands              Tmut           ####......   45%         5
 Borgnjor's Vile Clutch   Necr/Erth      ####......   45%         5
 Excruciating Wounds      Necr           ####......   45%         5
 Lee's Rapid Deconstruct  Erth           ####......   45%         5
 Silence                  Hex/Air        ####......   45%         5
 Yara's Violent Unravell  Hex/Tmut       ####......   45%         5
 Malign Gateway           Summ/Tloc      ######....   89%         7
 Monstrous Menagerie      Summ           ######....   89%         7
 Summon Greater Demon     Summ           ######....   89%         7
 Eringya's Noxious Bog    Tmut/Pois      ####......   95%         6
 Hydra Form               Tmut           ####......   95%         6
 Statue Form              Tmut/Erth      ####.....    95%         6
 Dragon Form              Tmut           ####......   100%        7
 Disjunction              Tloc           ######....   100%        8
 Summon Horrible Things   Summ           ######....   100%        8
 Shatter                  Erth           ####......   100%        9
 Tornado                  Air            ####......   100%        9


Dungeon Overview and Level Annotations

Branches:
Dungeon (15/15)            Temple (1/1) D:4            Lair (6/6) D:10
  Swamp (4/4) Lair:3       Spider (4/4) Lair:3        Slime (0/5) Lair:5
    Orc (2/2) D:9             Elf (3/3) Orc:2        Vaults (4/5) D:14
  Crypt (2/3) Vaults:3     Depths (0/5) D:15          Sewer (visited)
Ossuary (visited)         Desolation (visited)      Gauntlet (visited)

Altars:
Ashenzari
Cheibriados
Dithmenos
Elyvilon
Fedhas
Gozag
Hepliaklqana
Kikubaaqudgha
Makhleb
Nemelex Xobeh
Okawaru
Qazlal
Ru
Sif Muna
Trog
Uskayaw
Vehumet
Wu Jian
Xom
Yredelemnul
Zin
The Shining One
Beogh
Jiyva

Shops:
D:8 :   D:9 *   D:10 [?   Orc:2 }(([   Elf:1 ?   Lair:3 ?   Spider:3 (
Vaults:1 (:!!:   Vaults:2 (!

Annotations:
D:10 2 transporters, kroki's ghost, journeyman TrFi
Vaults:4 Mennas
Crypt:1 1 transporter


Message History

The curse skull is engulfed in blazing flames.
The flayed ghost cries, "Feel what I felt!"
The flayed ghost is engulfed in blazing flames.
The flayed ghost completely misses you.
You riposte.
You slash the flayed ghost!
The flayed ghost is heavily damaged.
The freezing wraith is engulfed in blazing flames.
The freezing wraith barely misses you. You block the freezing wraith's attack.
The curse skull calls on the powers of darkness!
Your body is wracked with pain!
* * * LOW HITPOINT WARNING * * *
The death knight convulses!
The spectral titan is engulfed in blazing flames.
The storm dragon simulacrum is engulfed in blazing flames.
The storm dragon simulacrum bites you!
* * * LOW HITPOINT WARNING * * *
The storm dragon simulacrum freezes you!!
You resist.
You die...
Your body crumbles into a pile of gold.

##..###
#..W#..###..
##...# #......dD..
###.# ##.)#####.
#.# #...#
#.#######.#.#
#...........## #
##........pWz###.#
##
#........WWzZ...#
.#
#........zW@☼####
.# #.........Z°##
.# ###...!####.#
.# #....# #)# .#
##....# #.# .#
#.....# #.# ##
###..#..# #.#
#...##))# #..
###.#.###[#


You could see a death knight, 2 flayed ghosts, a curse skull, a freezing wraith
(summoned), a spectral titan (summoned), a shadow (summoned, invisible), a
flying skull (summoned), a wight (summoned) and a storm dragon simulacrum
(summoned).

Vanquished Creatures
  An ancient lich (Crypt:2)
  The ghost of Paarhy the Hoplite, a legendary MfBe of Trog (Vaults:3)
  Xtahua (Vaults:4)
  Saint Roka (Orc:2)
  Margery (Crypt:1)
  Bai Suzhen (Crypt:2)
  Arachne (Spider:3)
  2 deep elf blademasters (Elf:3)
  2 deep elf master archers (Elf:3)
  Kirke (Swamp:1)
  A thorn hunter (Swamp:2)
  Frances (D:13)
  2 ancient champions (Crypt:2)
  Donald (Swamp:1)
  3 revenants
  2 fire giants
  2 ghost moths (Spider:4)
  Aizul (Elf:2)
  5 ghouls (Crypt:1)
  7 deep elf sorcerers
  10 vault wardens
  3 orc warlords
  4 emperor scorpions
  4 deep elf elementalists (Elf:3)
  4 imperial myrmidons (Desolation)
  12 ironheart preservers
  An entropy weaver (Vaults:3)
  10 stone giants
  8 deep elf demonologists
  7 vampire knights
  14 deep elf annihilators
  A spark wasp (Spider:4)
  A halazid warlock (Desolation)
  A crystal guardian (Desolation)
  8 yaktaur captains
  An ettin (D:15)
  6 ragged hierophants (Desolation)
  6 deep elf death magi
  2 fire dragons
  A deep elf high priest (Elf:3)
  6 jiangshi
  2 great orbs of eyes
  11 vault guards
  12 hydras
  7 servants of whispers (Desolation)
  3 peacekeepers (Desolation)
  2 rakshasas
  5 catoblepae
  3 ghost crabs
  5 death knights
  4 ice dragons (Swamp:4)
  2 shambling mangroves (Swamp:3)
  41 two-headed ogres
  7 centaur warriors
  Erica (D:8)
  12 alligators
  A tengu warrior (D:15)
  A deep troll earth mage (Vaults:2)
  10 ogre magi
  13 death yaks (Lair:6)
  5 orc high priests
  Urug (Lair:6)
  3 vampire magi
  Sonja (D:11)
  25 deep elf knights
  5 hell knights (Crypt:1)
  4 shadow wraiths
  19 skeletal warriors
  11 deep trolls
  2 spriggan druids
  A death drake (shapeshifter) (Vaults:2)
  5 unseen horrors
  A flayed ghost (Crypt:2)
  4 swamp dragons
  2 glowing orange brains
  6 wizards
  Pikel (D:5)
  10 deep elf archers
  11 ironbrand convokers
  7 phantasmal warriors
  An orange crystal statue (Elf:1)
  14 orc knights
  5 harpies
  45 ugly things
  60 deep elf magi
  3 necromancers
  21 wolf spiders
  3 manticores
  15 orb spiders
  10 cyclopes
  4 orc sorcerers
  A frost giant skeleton (Vaults:1)
  2 moths of wrath
  Maurice (D:11)
  15 elephants
  5 black mambas
  A cane toad (shapeshifter) (Vaults:2)
  A storm dragon simulacrum (Vaults:3)
  2 gargoyles
  4 guardian serpents
  16 vault sentinels
  15 cane toads
  2 rime drakes
  A minotaur zombie (Gauntlet)
  46 yaktaurs
  A yaktaur zombie (Vaults:1)
  15 demonic crawlers
  11 freezing wraiths
  8 komodo dragons
  A green draconian skeleton (Crypt:1)
  An alligator snapping turtle skeleton (Crypt:1)
  An ice devil (Gauntlet)
  13 trolls
  A jumping spider (shapeshifter) (Vaults:3)
  3 meliai (D:14)
  A polar bear (Lair:3)
  A guardian mummy (Crypt:1)
  A queen bee (D:14)
  13 tyrant leeches
  A death yak skeleton (Crypt:1)
  40 saltlings
  43 slime creatures
  A harpy skeleton (D:15)
  18 hornets
  24 jumping spiders
  5 bog bodies
  A dream sheep (shapeshifter) (Vaults:4)
  3 blink frogs (Lair:6)
  A hydra skeleton (Crypt:2)
  8 hippogriffs
  2 blink frogs (shapeshifter)
  A spectral black mamba (Gauntlet)
  An alligator zombie (Crypt:2)
  2 air elementals
  41 redbacks
  9 spriggans
  A centaur simulacrum (D:14)
  A tarantella (shapeshifter) (Vaults:2)
  3 water elementals (Elf:1)
  5 shadows
  2 vampires
  A fire elemental (Elf:3)
  5 wraiths
  20 tarantellas
  4 fire bats (D:8)
  2 wyverns (Lair:2)
  2 steam dragons
  3 swamp worm simulacra (Swamp:4)
  3 hogs (Swamp:1)
  53 yaks
  Grum (D:11)
  4 basilisks
  24 vampire mosquitoes
  A human simulacrum (Vaults:3)
  A yaktaur simulacrum (Vaults:2)
  9 wargs
  Menkaure (Ossuary)
  18 swamp worms
  A spectral cane toad (Gauntlet)
  A cane toad zombie (Crypt:1)
  5 acid dragons
  2 soldier ants (shapeshifter) (Vaults:1)
  12 hydra simulacra (Swamp:4)
  A hell hound (D:8)
  11 porcupines
  12 water moccasins
  38 orc warriors
  3 ice beasts
  A deep troll skeleton (Vaults:1)
  Duvessa (D:5)
  3 black bears
  A phantom (D:10)
  7 sky beasts
  10 swamp drakes
  9 centaurs
  9 boggarts
  A hornet zombie (D:11)
  A lindwurm skeleton (Crypt:2)
  2 necrophages (Crypt:1)
  8 wolves
  37 ogres
  7 human skeletons
  13 crocodiles
  A lemure (D:5)
  2 big kobolds
  3 gnoll sergeants
  14 bullfrogs
  2 earth elementals (Elf:3)
  A water moccasin zombie (D:9)
  Dowan (D:5)
  43 killer bees
  4 scorpions
  11 wights
  A polar bear skeleton (Crypt:2)
  4 howler monkeys (D:14)
  2 electric eels (Spider:4)
  The ghost of Renjy the Sneak, a weakling KoGl (D:5)
  2 lava snakes (D:8)
  7 centaur zombies
  2 jellies
  A bullfrog zombie (D:5)
  6 centaur skeletons
  9 hounds
  A gnoll shaman (D:5)
  3 human zombies (Crypt:1)
  11 orc priests
  3 bullfrog skeletons
  11 iguanas
  22 orc wizards
  A porcupine zombie (Crypt:2)
  15 worker ants
  A big kobold zombie (Ossuary)
  3 ogre zombies (Ossuary)
  An acid dragon skeleton (Crypt:1)
  2 hound skeletons
  2 hound zombies
  7 mummies
  17 gnolls
  A howler monkey skeleton (D:11)
  7 adders
  3 river rats (D:3)
  2 shadow imps
  4 white imps
  5 swamp drake simulacra (Swamp:4)
  3 ufetubi
  8 adder zombies (Ossuary)
  A halfling zombie (Crypt:1)
  A halfling skeleton (Crypt:1)
  6 worms
  5 dart slugs
  8 leopard geckos
  75 orcs
  12 bats
  A bat skeleton (Crypt:1)
  9 giant cockroaches
  A gnoll zombie (Ossuary)
  5 goblins
  10 hobgoblins
  7 jackals
  19 kobolds
  6 quokkas
  A ball python (D:1)
  A dart slug zombie (Crypt:2)
  4 frilled lizards
  3 goblin zombies (Ossuary)
  A hobgoblin zombie (Ossuary)
  4 kobold zombies (Ossuary)
  4 quokka zombies (Ossuary)
  7 rats
  3 rat zombies (Ossuary)
  2 briar patches (Swamp:2)
  A bush (Lair:4)
  2 fire vortices (D:8)
1787 creatures vanquished.

Vanquished Creatures (collateral kills)
  A minotaur (Gauntlet)
  Erolcha (D:9)
  A death scarab (Gauntlet)
  An orc knight (Orc:1)
  A troll (Orc:1)
  A slime creature (Gauntlet)
6 creatures vanquished.

Vanquished Creatures (others)
  22 dancing weapons
  A tengu warrior (D:10)
  An alligator (Swamp:4)
  A minotaur zombie (Gauntlet)
  2 hornets
  3 humans (Swamp:1)
  A swamp worm (Swamp:4)
  2 swamp drakes
  4 killer bees (D:12)
  An orc wizard (D:10)
  2 briar patches (Swamp:2)
  A fire vortex (D:8)
  97 fungi
  192 plants
330 creatures vanquished.

Grand Total: 2123 creatures vanquished

Notes
Turn   | Place    | Note
-------+----------+-------------------------------------------
     0 | D:1      | MrRokkomies the Deep Elf Ice Elementalist began the quest
                  | for the Orb.
     0 | D:1      | Reached XP level 1. HP: 10/10 MP: 6/6
   165 | D:1      | Reached XP level 2. HP: 7/15 MP: 2/8
   805 | D:1      | Reached XP level 3. HP: 10/20 MP: 2/9
  1189 | D:1      | Learned a level 3 spell: Frozen Ramparts
  1193 | D:1      | Learned a level 3 spell: Ozocubu's Armour
  1995 | D:2      | Noticed a bullfrog
  2002 | D:2      | Killed a bullfrog
  2002 | D:2      | Reached skill level 1 in Fighting
  2002 | D:2      | Reached skill level 5 in Ice Magic
  2002 | D:2      | Reached XP level 4. HP: 25/25 MP: 4/11
  2365 | D:2      | Reached XP level 5. HP: 29/29 MP: 8/12
  2813 | D:3      | Found a faded altar of an unknown god.
  2860 | D:3      | Found a glowing drain.
  2990 | Sewer    | Entered a sewer
  3255 | Sewer    | Noticed a crocodile
  3262 | Sewer    | Killed a crocodile
  3262 | Sewer    | Reached skill level 5 in Dodging
  3262 | Sewer    | Reached XP level 6. HP: 35/35 MP: 10/14
  3594 | D:3      | Found a hide-covered altar of Uskayaw.
  4369 | D:4      | Reached XP level 7. HP: 40/40 MP: 16/16
  4445 | D:4      | Reached skill level 5 in Spellcasting
  4769 | D:4      | Found a staircase to the Ecumenical Temple.
  4779 | Temple   | Entered the Ecumenical Temple
  4948 | Temple   | Became a worshipper of Gozag Ym Sagoz the Greedy
  5081 | D:4      | Reached skill level 1 in Shields
  5160 | D:4      | Found a hazy altar of Hepliaklqana.
  5294 | D:4      | Learned a level 4 spell: Summon Ice Beast
  5299 | D:4      | Learned a level 4 spell: Hailstorm
  5315 | D:5      | Entered Level 5 of the Dungeon
  5705 | D:5      | Noticed Pikel
  5720 | D:5      | Killed Pikel
  5720 | D:5      | Reached XP level 8. HP: 46/46 MP: 10/17
  5766 | D:5      | Noticed Dowan
  5768 | D:5      | Noticed Duvessa
  5776 | D:5      | Killed Dowan
  5785 | D:5      | Killed Duvessa
  6257 | D:5      | Found a transporter.
  6312 | D:5      | Identified the +3 scale mail "Hyulu" {rElec rF- Int+4
                  | Slay+3}
  6312 | D:5      | Identified the cursed -1 kite shield "Realel" {+Blink Str+3
                  | SInv}
  6328 | D:5      | Found a transporter.
  6672 | D:5      | Noticed Renjy's ghost (weakling KoGl)
  6680 | D:5      | Killed Renjy's ghost
  6824 | D:6      | Reached XP level 9. HP: 44/52 MP: 18/18
  6834 | D:6      | Found a sand-covered staircase.
  6839 | Ossuary  | Entered an ossuary
  7299 | Ossuary  | Noticed Menkaure
  7309 | Ossuary  | Killed Menkaure
  7309 | Ossuary  | Reached skill level 1 in Summonings
  8693 | D:7      | Found a bloodstained altar of Trog.
  8719 | D:7      | Found a blossoming altar of Fedhas.
  9228 | D:7      | Found a radiant altar of Vehumet.
  9321 | D:7      | Reached skill level 10 in Ice Magic
  9708 | D:8      | Reached XP level 10. HP: 50/58 MP: 19/19
  9786 | D:8      | Noticed Erica
  9796 | D:8      | Killed Erica
  9796 | D:8      | Reached skill level 5 in Fighting
 10846 | D:9      | Noticed Erolcha
 10852 | D:9      | Reached skill level 5 in Summonings
 10856 | D:9      | Killed Erolcha
 11259 | D:9      | Found a radiant altar of Vehumet.
 11308 | D:9      | Found a staircase to the Orcish Mines.
 11316 | D:9      | Reached XP level 11. HP: 61/66 MP: 17/20
 11732 | D:10     | Entered Level 10 of the Dungeon
 11954 | D:10     | Noticed a tengu warrior
 11956 | D:10     | Found a transporter.
 11956 | D:10     | Noticed kroki's ghost (journeyman TrFi)
 11957 | D:10     | Found a transporter.
 11975 | D:10     | Reached skill level 10 in Dodging
 12067 | D:10     | Killed a tengu warrior
 12200 | D:10     | Found a staircase to the Lair.
 13033 | D:10     | Bought a pair of glowing gloves for 232 gold pieces
 13041 | D:10     | Learned a level 2 spell: Blink
 13166 | Orc:1    | Entered Level 1 of the Orcish Mines
 13211 | Orc:1    | Reached skill level 1 in Translocations
 13254 | Orc:1    | Noticed an orc high priest
 13314 | Orc:1    | Killed an orc high priest
 13483 | Orc:1    | Noticed an orc knight
 13496 | Orc:1    | Killed an orc knight
 13826 | Orc:1    | Noticed a stone giant
 13839 | Orc:1    | Noticed an orc sorcerer
 13842 | Orc:1    | Noticed a sun demon
 13847 | Orc:1    | Killed a stone giant
 13850 | Orc:1    | Killed an orc sorcerer
 14032 | Orc:2    | Entered Level 2 of the Orcish Mines
 14188 | Lair:1   | Entered Level 1 of the Lair of Beasts
 14245 | Lair:1   | Found a gate leading to a gauntlet.
 14255 | Gauntlet | Entered a Gauntlet
 14255 | Gauntlet | Found a runed translucent gate.
 14255 | Gauntlet | Found a transporter.
 14255 | Gauntlet | Found a runed translucent gate.
 14255 | Gauntlet | Found a runed translucent gate.
 14255 | Gauntlet | Found a transporter.
 14297 | Gauntlet | Found a transporter.
 14301 | Gauntlet | Found a transporter.
 14313 | Gauntlet | Found a transporter.
 14313 | Gauntlet | Found a transporter.
 14316 | Gauntlet | Noticed a reaper
 14322 | Gauntlet | Found a transporter.
 14334 | Gauntlet | Noticed a death scarab
 14337 | Gauntlet | Found a transporter.
 14342 | Gauntlet | Noticed a death scarab
 14355 | Gauntlet | Found a transporter.
 14355 | Gauntlet | Found a transporter.
 14358 | Gauntlet | Noticed a queen ant
 14366 | Gauntlet | Found a transporter.
 14370 | Gauntlet | Found a transporter.
 14540 | Gauntlet | Found a runed translucent door.
 14824 | Gauntlet | Got a pitted jade ring
 14829 | Gauntlet | Identified the ring of Xevoguc {+Blink rF+} (You found it
                  | in a Gauntlet)
 14861 | Gauntlet | Reached XP level 12. HP: 60/75 MP: 18/21
 14867 | Gauntlet | Got a shimmering hat
 14882 | Gauntlet | Killed a death scarab
 15058 | Gauntlet | Identified the +1 hat of Sif Muna's Castigation {rElec rF-
                  | rN+ SInv} (You found it in a Gauntlet)
 15070 | Gauntlet | Identified the cursed +3 hand axe of Ximehal {flame, +Blink
                  | rF- rN+}
 15070 | Gauntlet | Noticed a minotaur
 15091 | Gauntlet | Killed a minotaur
 15098 | Gauntlet | Identified Sif Muna's Guide on Torrid Stones
 16296 | D:10     | Bought the +3 salamander hide armour {Flames rF++ rC--} for
                  | 1069 gold pieces
 16296 | D:10     | Found the +3 salamander hide armour {Flames rF++ rC--}
 16755 | Lair:2   | Reached skill level 5 in Translocations
 17554 | Lair:3   | Noticed a seven-headed hydra
 17561 | Lair:3   | Killed a seven-headed hydra
 17611 | Lair:3   | Reached skill level 10 in Fighting
 17617 | Lair:3   | Learned a level 4 spell: Sticky Flame
 17662 | Lair:3   | Reached skill level 1 in Conjurations
 17662 | Lair:3   | Reached skill level 1 in Fire Magic
 17807 | Lair:3   | Found a radiant altar of Vehumet.
 17893 | Lair:3   | Found a staircase to the Swamp.
 17903 | Lair:3   | Reached skill level 2 in Fire Magic
 18060 | Lair:3   | Reached skill level 1 in Armour
 18159 | Lair:3   | Found a hole to the Spider Nest.
 18506 | Lair:4   | Reached skill level 3 in Fire Magic
 18525 | Lair:4   | Reached XP level 13. HP: 71/82 MP: 18/22
 18533 | Lair:4   | Reached skill level 4 in Fire Magic
 18971 | Lair:4   | Reached skill level 5 in Conjurations
 18971 | Lair:4   | Reached skill level 5 in Fire Magic
 19782 | Lair:5   | Found a staircase to the Slime Pits.
 19782 | Lair:5   | Found a viscous altar of Jiyva.
 20192 | Lair:5   | Reached skill level 6 in Fire Magic
 20829 | Lair:6   | Entered Level 6 of the Lair of Beasts
 20844 | Lair:6   | Reached skill level 7 in Fire Magic
 21107 | Lair:6   | Reached skill level 8 in Fire Magic
 21309 | Lair:6   | Reached XP level 14. HP: 33/88 MP: 23/23
 22236 | Lair:6   | Noticed Urug
 22236 | Lair:6   | Reached skill level 9 in Fire Magic
 22244 | Lair:6   | Killed Urug
 22506 | Lair:6   | Reached skill level 5 in Armour
 22758 | Lair:6   | Identified the +5 dagger "Opaco" {freeze, Str+6 Int-5 SInv}
                  | (You found it on level 6 of the Lair of Beasts)
 23202 | Lair:6   | Reached skill level 10 in Conjurations
 23430 | Lair:6   | Reached skill level 10 in Fire Magic
 23438 | Lair:6   | Learned a level 5 spell: Fireball
 23696 | D:10     | Bought a scroll of magic mapping for 56 gold pieces
 23696 | D:10     | Bought a scroll of teleportation for 48 gold pieces
 23696 | D:10     | Bought a scroll of identify for 32 gold pieces
 23696 | D:10     | Bought a scroll of identify for 32 gold pieces
 23817 | Orc:2    | Found Unkasku's Armour Boutique.
 23828 | Orc:2    | Found Ikhobauh's Antique Weapon Shop.
 23838 | Orc:2    | Found Dikkekev's Antique Weapon Shoppe.
 23852 | Orc:2    | Reached skill level 11 in Fire Magic
 23853 | Orc:2    | Found Xojix's Gadget Boutique.
 24400 | Orc:2    | Found a staircase to the Elven Halls.
 24400 | Orc:2    | Paralysed by an orc sorcerer for 5 turns
 24521 | Orc:2    | Noticed Saint Roka
 24634 | D:9      | Bought a bone falchion for 160 gold pieces
 24634 | D:9      | Identified the cursed +1 falchion "Facoso" {freeze, Int+3}
                  | (You bought it in a shop on level 9 of the Dungeon)
 24635 | D:9      | Upgraded the game from 0.26-a0-591-g04f19ec95a to
                  | 0.26-a0-597-gb535b0901c
 24912 | Orc:2    | Bought a transparent long sword for 297 gold pieces
 24912 | Orc:2    | Identified the +7 long sword "Itudi" {vorpal, rElec Str+3}
                  | (You bought it in a shop on level 2 of the Orcish Mines)
 25064 | D:11     | Noticed Maurice
 25069 | D:11     | Noticed Grum
 25078 | D:11     | Killed Maurice
 25084 | D:11     | Killed Grum
 25124 | D:11     | Reached XP level 15. HP: 88/92 MP: 24/24
 25272 | D:11     | Noticed Sonja
 25277 | D:11     | Killed Sonja
 25279 | D:11     | Reached skill level 1 in Long Blades
 25639 | D:11     | Learned a level 5 spell: Bolt of Magma
 27469 | D:13     | Noticed Frances
 27473 | D:13     | Killed Frances
 27473 | D:13     | Reached skill level 12 in Fire Magic
 28336 | D:14     | Found a sacrificial altar of Ru.
 29024 | D:14     | Found a gate to the Vaults.
 29464 | D:15     | Entered Level 15 of the Dungeon
 30138 | D:15     | Reached skill level 13 in Fire Magic
 30172 | D:15     | Found a staircase to the Depths.
 30743 | D:15     | Reached XP level 16. HP: 77/97 MP: 25/25
 31157 | D:15     | Found a burning altar of Makhleb.
 31450 | Spider:1 | Entered Level 1 of the Spider Nest
 32322 | Spider:1 | Identified the Papyrus of Transmigration and Flames
 33697 | Spider:2 | Reached skill level 5 in Long Blades
 34173 | Spider:2 | Reached skill level 14 in Fire Magic
 34720 | D:10     | Bought the +3 pair of gauntlets of War {Slay+5} for 1472
                  | gold pieces
 34720 | D:10     | Found the +3 pair of gauntlets of War {Slay+5}
 35996 | Spider:3 | Noticed Arachne
 36016 | Spider:3 | Killed Arachne
 36549 | Spider:4 | Entered Level 4 of the Spider Nest
 38283 | Spider:4 | Reached XP level 17. HP: 102/102 MP: 26/26
 38569 | Spider:4 | Reached skill level 15 in Conjurations
 38821 | Spider:4 | Got a gossamer rune of Zot
 39084 | Lair:3   | Bought a scroll of immolation for 45 gold pieces
 39084 | Lair:3   | Bought a scroll of teleportation for 39 gold pieces
 39084 | Lair:3   | Bought a scroll of blinking for 97 gold pieces
 39140 | Swamp:1  | Entered Level 1 of the Swamp
 39150 | Lair:3   | Reached skill level 15 in Fire Magic
 39355 | Swamp:1  | Noticed Donald
 39362 | Swamp:1  | Killed Donald
 39604 | Swamp:1  | Noticed Kirke
 39624 | Swamp:1  | Killed Kirke
 39624 | Swamp:1  | Reached skill level 15 in Dodging
 42930 | Swamp:3  | Reached skill level 16 in Fire Magic
 43564 | Swamp:4  | Entered Level 4 of the Swamp
 44567 | Swamp:4  | HP: 5/102 [eight-headed hydra simulacrum (43)]
 45807 | Swamp:4  | Got a decaying rune of Zot
 46124 | Vaults:1 | Entered Level 1 of the Vaults
 46226 | Vaults:1 | Reached XP level 18. HP: 87/107 MP: 3/27
 46263 | Vaults:1 | Found a ruined gateway.
 46284 | Desolati | Entered the Desolation of Salt
 46908 | Desolati | Identified Jaikouv's Advanced Spellcasting
 46911 | Desolati | Identified the amulet of the Solstice {*Drain rPois Regen+
                  | Str+2} (You found it in the Desolation of Salt)
 47048 | Desolati | Reached skill level 17 in Fire Magic
 48000 | Desolati | Identified the Tome of Freezing Hexes
 48008 | Desolati | Identified the Almanac of Spatial Poison
 48175 | Vaults:1 | Noticed a Tzitzimitl
 48435 | Vaults:1 | Found Quixkage's Book Boutique.
 48443 | Vaults:1 | Bought a book of Fire for 1170 gold pieces
 48484 | Vaults:1 | Found Pogittost's Distillery.
 48582 | Vaults:1 | Bought 2 potions of magic for 288 gold pieces
 48582 | Vaults:1 | Bought a potion of heal wounds for 90 gold pieces
 48582 | Vaults:1 | Bought 2 potions of heal wounds for 180 gold pieces
 49065 | Vaults:1 | Found Vosuvot's Weapon Shoppe.
 49066 | Vaults:1 | Found Zoarext's Book Shop.
 49541 | Vaults:1 | Reached skill level 18 in Fire Magic
 49664 | Vaults:1 | Found Toij's Distillery.
 49667 | Vaults:1 | Bought a potion of experience for 600 gold pieces
 49667 | Vaults:1 | Reached XP level 19. HP: 112/112 MP: 32/32
 49895 | Vaults:1 | Reached XP level 20. HP: 117/117 MP: 17/33
 50231 | Vaults:1 | Learned a level 8 spell: Ignition
 50782 | Vaults:2 | Reached skill level 19 in Fire Magic
 51090 | Vaults:2 | Reached skill level 10 in Spellcasting
 51090 | Vaults:2 | Reached skill level 10 in Long Blades
 51656 | Vaults:2 | Found Fennoewa's Distillery.
 51677 | Vaults:2 | Bought a potion of heal wounds for 105 gold pieces
 51677 | Vaults:2 | Bought a potion of haste for 210 gold pieces
 52163 | Vaults:2 | Found Ylegg's Antique Weapon Emporium.
 52482 | Vaults:3 | Found a flickering gateway to a bazaar.
 52491 | Bazaar   | Entered a bazaar
 52491 | Bazaar   | Found Bannigebb's Antique Weapon Shoppe.
 52491 | Bazaar   | Found Guadef's Magic Scroll Boutique.
 52491 | Bazaar   | Found Yhearik's Book Shoppe.
 52491 | Bazaar   | Found Bolyjait's Distillery.
 52552 | Bazaar   | Found Durcheada's Weapon Shop.
 52557 | Bazaar   | Bought the Incunabulum of the Flamy Glacier for 627 gold
                  | pieces
 52557 | Bazaar   | Bought a book of Power for 495 gold pieces
 52583 | Bazaar   | Bought 2 potions of heal wounds for 120 gold pieces
 52583 | Bazaar   | Bought a potion of resistance for 120 gold pieces
 52583 | Bazaar   | Bought a potion of resistance for 120 gold pieces
 52583 | Bazaar   | Bought a potion of heal wounds for 60 gold pieces
 52586 | Bazaar   | Bought a scroll of identify for 20 gold pieces
 52586 | Bazaar   | Bought a scroll of teleportation for 30 gold pieces
 52586 | Bazaar   | Bought a scroll of identify for 20 gold pieces
 52586 | Bazaar   | Bought a scroll of identify for 20 gold pieces
 52586 | Bazaar   | Bought a scroll of blinking for 75 gold pieces
 52586 | Bazaar   | Bought a scroll of identify for 20 gold pieces
 52586 | Bazaar   | Bought a scroll of fog for 20 gold pieces
 53541 | Vaults:3 | Found a staircase to the Crypt.
 53611 | Vaults:3 | Reached XP level 21. HP: 122/122 MP: 30/39
 53782 | Vaults:3 | Found a runed translucent gate.
 53782 | Vaults:3 | Found a runed translucent gate.
 53782 | Vaults:3 | Found a runed translucent gate.
 53782 | Vaults:3 | Identified the +5 broad axe "Igores" {vorpal, *Rage Int+4
                  | Dex+7 SInv}
 53782 | Vaults:3 | Identified the +0 chain mail "Qoid" {*Contam Int+2 Dex+4}
 53784 | Vaults:3 | Noticed Paarhy's ghost (legendary MfBe)
 54028 | Vaults:3 | Found a roughly hewn altar of Beogh.
 54209 | Vaults:3 | Learned a level 7 spell: Orb of Destruction
 54216 | Vaults:3 | Learned a level 6 spell: Ozocubu's Refrigeration
 54224 | Vaults:3 | Learned a level 6 spell: Starburst
 54350 | Vaults:3 | Killed Paarhy's ghost
 55148 | Vaults:4 | Reached skill level 20 in Fire Magic
 55164 | Vaults:4 | Noticed Mennas
 55839 | Vaults:4 | Noticed Xtahua
 55848 | Vaults:4 | Killed Xtahua
 57324 | Orc:2    | Killed Saint Roka
 57541 | Elf:1    | Entered Level 1 of the Elven Halls
 57961 | Elf:1    | Identified the Handbook of the Amoeba
 58338 | Elf:1    | Found Hiohy's Magic Scroll Shop.
 58360 | Elf:1    | Bought a scroll of identify for 30 gold pieces
 58360 | Elf:1    | Bought a scroll of identify for 30 gold pieces
 58360 | Elf:1    | Bought a scroll of identify for 30 gold pieces
 58360 | Elf:1    | Bought a scroll of identify for 30 gold pieces
 58360 | Elf:1    | Bought a scroll of blinking for 112 gold pieces
 58360 | Elf:1    | Bought a scroll of identify for 30 gold pieces
 58475 | Elf:1    | Identified a scroll of acquirement
 58475 | Elf:1    | Acquired 290 gold pieces
 58847 | Elf:2    | Found a roughly hewn altar of Beogh.
 58848 | Elf:2    | Reached XP level 22. HP: 107/132 MP: 24/42
 59249 | Elf:2    | Found a runed translucent gate.
 59249 | Elf:2    | Found a runed translucent gate.
 59249 | Elf:2    | Noticed Aizul
 59251 | Elf:2    | Found a runed translucent gate.
 59263 | Elf:2    | Killed Aizul
 59405 | Elf:2    | Found an ancient bone altar of Kikubaaqudgha.
 60086 | Elf:3    | Entered Level 3 of the Elven Halls
 60533 | Elf:3    | Found a shimmering blue altar of Sif Muna.
 60544 | Elf:3    | Found a shimmering blue altar of Sif Muna.
 60641 | Elf:3    | Identified the +11 spear of Circularity {vorpal, rPois}
 61013 | Elf:3    | Identified the +6 hand axe of the Evening {vorpal, rC+}
 61084 | Elf:3    | Identified the ring "Gas Fipuc" {+Blink rElec rPois rC+
                  | Int+6}
 61533 | Elf:3    | Identified the +1 scythe of the Dozen Scars {antimagic,
                  | rPois}
 61747 | Elf:3    | Reached skill level 15 in Spellcasting
 61784 | Elf:3    | Learned a level 4 spell: Iskenderun's Mystic Blast
 61867 | Elf:3    | Identified Xigyteri's Volume of Scorching Transformation
 61916 | Elf:3    | Identified Lieliong's Almanac of the Mutagenic Snowflakes
 62015 | Elf:3    | Identified the +7 dagger of Inference {freeze, rF+ rC+ MR-
                  | Int+3}
 62234 | Elf:3    | Found the +9 heavy crossbow "Sniper" {vorpal, Acc+∞ SInv}
 62735 | Crypt:1  | Entered Level 1 of the Crypt
 63377 | Crypt:1  | Noticed Margery
 63383 | Crypt:1  | Killed Margery
 63646 | Crypt:1  | Reached XP level 23. HP: 140/140 MP: 44/44
 63680 | Crypt:1  | Found a shimmering blue altar of Sif Muna.
 63684 | Crypt:1  | Found a transporter.
 64468 | Crypt:2  | Noticed an ancient lich
 64473 | Crypt:2  | Killed an ancient lich
 64831 | Crypt:2  | Noticed Bai Suzhen
 64934 | Crypt:2  | Killed Bai Suzhen
 64941 | Crypt:2  | HP: 7/141 [storm dragon simulacrum[a curse skull] (14)]
 64941 | Crypt:2  | Mangled by a storm dragon simulacrum

Illustrated notes

Levels and vault maps discovered:
D:1:      doesnt_arrival_eight_statues, layout_loops_ring
D:2:      layout_loops_ring
D:3:      layout_loops_ring, overflow_temple_1_default,
          chequers_ecumenical_altar_island, portal_sewer_entry_b
D:4:      layout_loops_cross, marbit_many_paths, minmay_temple_entry_slanted,
          serial_glass, glass_columns_a, glass_columns_a
D:5:      layout_rooms, gammafunk_ghost_gnarly_gnolls, uniq_duvessa, uniq_pikel
D:6:      layout_basic, nicolae_ossuary_entry_ruins
D:7:      layout_loops_ring, bloody_trog, nicolae_overflow_hidden_temple,
          basic_altar, grunt_ministairs_4
D:8:      layout_loops_ring, hangedman_incinerator, uniq_erica
D:9:      layout_basic, kennysheep_mini_moat, minmay_orc_entry_guard_dogs,
          st_stairs_11, uniq_erolcha
D:10:     layout_loops_ring, minmay_lair_entry_grove, gammafunk_ghost_arena,
          kennysheep_generic_room_12
D:11:     layout_basic, minmay_fractal_squares_diagonal_5, uniq_sonja,
          uniq_maurice, uniq_grum
D:12:     layout_irregular_city, lemuel_nasty_fountain
D:13:     layout_roguey, hangedman_decor_peaks_small, hangedman_decor_growths,
          grunt_ogre_cave, serial_bayou_lagoon_a, uniq_frances
D:14:     layout_rooms, erik_vaults_2, nicolae_ru_awakened_eye, special_room
          [special_room_bee]
D:15:     hangedman_depths_entry_civil_slaughter, layout_loops_ring,
          minmay_misc_feat_more_columns, makhleb_altar_promises_db
Temple:   bh_familiar_temple
Lair:1:   layout_regular_city, gauntlet_entry_generic, serial_bayou_shore_b,
          grunt_megastairs_4
Lair:2:   layout_misc_corridors, grunt_megastairs_1
Lair:3:   layout_small_grid, minmay_swamp_entry_reptiles,
          spider_nest_entry_funnel_web, basic_altar, beast_lair_carwin_11
Lair:4:   layout_misc_corridors, serial_bayou_shore_b
Lair:5:   onia_ninara_swampy_vault, layout_gridlike, slime_altar_1,
          infiniplex_staircase_pool_2
Lair:6:   evilmike_catoblepas_cave, layout_big_grid, uniq_urug
Swamp:1:  layout_basic_swamp, hangedman_swamp_ruin_hall, swamp_pool5,
          infiniplex_staircase_pool, uniq_kirke, uniq_donald
Swamp:2:  layout_basic_swamp, evilmike_swamp_ruin_house_4
Swamp:3:  layout_basic_swamp, serial_swamp_ruin, evilmike_swamp_ruin_rubble_1,
          evilmike_swamp_ruin_house_1, swamp_pool2
Swamp:4:  swamp_icy, layout_basic_swamp, swamp_pool1
Spider:1: layout_spider_delve, hangedman_spider_tarantella_strand
Spider:2: layout_spider_delve
Spider:3: layout_chambers, nicolae_spider_webs_and_nodes, uniq_arachne
Spider:4: guppyfry_spider_rune
Orc:1:    layout_diamond_mine
Orc:2:    st_orc_open, layout_caves, uniq_saint_roka
Elf:1:    eino_elf_arrival_shootout, layout_geoelf_grid, serial_shops,
          shop_statue, minmay_elf_annihilation, minivault_15
Elf:2:    layout_rooms, special_room [special_room_orc], lemuel_statue_altar,
          uniq_aizul
Elf:3:    grunt_elf_hall_branching, layout_gridlike, hangedman_elf_simple_split,
          st_stairs_10
Vaults:1: v_pattern_2, v_rooms_3, nicolae_vaults_asterisk, st_lattice,
          vaults_room_door_hall, v_alt_pattern_2, v_misc_32,
          nicolae_vaults_three_branches, layout_vaults_omnigrid,
          portal_desolation_entry_salt, serial_shops, shop, shop, shop,
          nicolae_shop_crystal, nicolae_shop_waterfront
Vaults:2: vaults_mumra_chevron_long, nicolae_vaults_rhombus_5,
          hangedman_vaults_unwind, nicolae_vaults_sealed_display,
          vaults_room_mumra_shop_pool, v_misc_10, vaults_room_door_ring,
          v_rooms_1, hangedman_vaults_slice, nicolae_vaults_network_s,
          ontoclasm_vaults_loading_screen, ontoclasm_vaults_twist,
          layout_vaults_omnicross, serial_shops, nicolae_shop_crystal
Vaults:3: biasface_vaults_ghost_orc_armoury, hangedman_vaults_hat,
          nicolae_vaults_angled_halls, minmay_crypt_entry_simple_box,
          nicolae_vaults_mini_display_case, hangedman_vaults_trim,
          hangedman_vaults_impose, dpeg_vaults_monster_box,
          ontoclasm_vaults_hangar, grunt_vaults_hallway_short,
          layout_vaults_big_room, serial_shops, bzr_entry_islet
Vaults:4: vaults_mumra_minichess, vaults_dpeg_spiral, nicolae_vaults_triangles,
          v_misc_3, ontoclasm_vaults_tryst, ontoclasm_vaults_hangar, v_misc_3,
          ontoclasm_vaults_loading_screen, hangedman_vaults_stitches,
          hangedman_vaults_corner, v_misc_25, layout_vaults_omnibox,
          uniq_xtahua, uniq_mennas
Crypt:1:  gammafunk_sealed_library, layout_misc_corridors,
          grunt_crypt_arrival_guarded_gate, uniq_margery
Crypt:2:  layout_rooms, uniq_bai_suzhen

Skill      XL: |  1  2  3  4  5  6  7  8  9 10 11 12 13 14 15 16 17 18 19 20 21 22 |
---------------+-------------------------------------------------------------------+-----
Dodging        | 3 4 5 6 7 8 9 12 13 14 15 17 19 | 19.6
Fighting       | 1 2 3 4 6 8 10 11 13 | 13.9
Ice Magic      | 5 6 7 8 10 11 12 | 12.0
Spellcasting   | 4 5 7 12 14 15 | 15.0
Shields        | 2 4 |  4.0
Summonings     | 3 5 |  5.0
Translocations | 3 5 |  5.0
Conjurations   | 3 8 11 13 14 16 17 18 | 18.0
Fire Magic     | 3 8 11 13 14 16 18 19 20 | 20.0
Armour         | 1 4 6 7 |  7.4
Long Blades    | 4 6 8 9 10 11 12 | 12.9
Stealth        | |  2.4

Action                   |  1- 3 |  4- 6 |  7- 9 | 10-12 | 13-15 | 16-18 | 19-21 | 22-24 || total
-------------------------+-------+-------+-------+-------+-------+-------+-------+-------++-------
Melee: Unarmed           |     1 |       |       |       |       |       |       |       ||     1
       Short sword       |    19 |       |       |       |       |       |       |       ||    19
       Whip              |     7 |   116 |   461 |   508 |   156 |       |       |       ||  1248
       Falchion          |       |       |       |       |    15 |       |       |       ||    15
       Long sword        |       |       |       |       |   224 |   445 |       |       ||   669
       Demon blade       |       |       |       |       |       |   169 |   443 |   350 ||   962
Throw: Dart              |     6 |     4 |     8 |     8 |    16 |     8 |       |     2 ||    52
 Cast: Freeze            |    19 |     1 |     3 |       |     2 |       |       |       ||    25
       Frozen Ramparts   |     4 |    12 |    15 |    53 |    16 |    13 |     3 |     1 ||   117
       Ozocubu's Armour  |       |       |     3 |     4 |       |       |       |       ||     7
       Summon Ice Beast  |       |       |       |    28 |       |       |       |       ||    28
       Hailstorm         |       |       |       |     3 |     5 |     3 |       |       ||    11
       Fireball          |       |       |       |       |    25 |   158 |    15 |     4 ||   202
       Sticky Flame      |       |       |       |       |    10 |    31 |     6 |       ||    47
       Bolt of Magma     |       |       |       |       |     3 |    35 |    24 |       ||    62
       Ignition          |       |       |       |       |       |       |    36 |    30 ||    66
       Blink             |       |       |       |       |       |       |    10 |       ||    10
       Orb of Destructio |       |       |       |       |       |       |    22 |    43 ||    65
       Starburst         |       |       |       |       |       |       |    12 |    12 ||    24
       Ozocubu's Refrige |       |       |       |       |       |       |       |     7 ||     7
Invok: Call Merchant     |       |       |     1 |     1 |     2 |     2 |       |       ||     6
       Potion Petition   |       |       |       |       |       |     1 |       |       ||     1
Evoke: Wand              |       |       |       |     2 |       |       |       |       ||     2
  Use: Scroll            |     6 |     3 |    14 |     9 |    12 |    24 |     7 |     2 ||    77
       Potion            |       |       |     1 |     4 |     1 |     8 |     4 |     1 ||    19
 Stab: Sleeping          |     6 |     4 |    19 |     8 |       |     2 |       |       ||    39
       Distracted        |       |       |     1 |     4 |     5 |     4 |     6 |     3 ||    23
       Paralysed         |       |       |       |     6 |       |       |       |       ||     6
       Invisible         |       |       |       |     2 |       |       |       |       ||     2
       Petrified         |       |       |       |       |     2 |       |       |       ||     2
Armor: Robe              |     9 |    16 |    28 |    18 |       |       |       |       ||    71
       Leather armour    |       |       |       |     7 |    64 |   184 |    55 |    36 ||   346
       Skin              |       |       |       |     3 |       |       |       |       ||     3
Dodge: Dodged            |    33 |   130 |   377 |   428 |   270 |   749 |   278 |   177 ||  2442
       Repelled          |       |       |     2 |     5 |     3 |    11 |     4 |       ||    25
Block: Buckler           |       |       |   109 |   241 |   249 |   365 |   109 |    81 ||  1154
       Reflection        |       |       |       |     3 |    23 |       |       |       ||    26
       Rpst.: Long sword |       |       |       |       |    33 |   125 |       |       ||   158
       Falchion          |       |       |       |       |     3 |       |       |       ||     3
       Demon blade       |       |       |       |       |       |    26 |    52 |    27 ||   105

Table legend: (Time is in decaauts)
 A = Elapsed time spent in this place.
 B = Non-inter-level travel time spent in this place.
 C = Inter-level travel time spent in this place.
 D = Time resting spent in this place.
 E = Time spent auto-exploring this place.
 F = Levels seen in this place.
 G = Mean time per level.
                   A        B        C        D        E       F      G
               +--------+--------+--------+--------+--------+-----+--------+
         Total |  65357 |  61278 |   4079 |   8310 |  42245 |  46 | 1420.8 |
       Dungeon |  19427 |  17648 |   1779 |   2258 |  12130 |  15 | 1295.1 |
        Temple |    176 |    151 |     25 |      0 |    150 |   1 |  176.0 |
          Lair |   9086 |   8401 |    685 |   1172 |   6166 |   6 | 1514.3 |
         Swamp |   6858 |   6584 |    274 |   1366 |   4289 |   4 | 1714.5 |
   Spider Nest |   7093 |   6892 |    201 |   1137 |   4866 |   4 | 1773.2 |
  Orcish Mines |   2562 |   2177 |    385 |    373 |   1356 |   2 | 1281.0 |
   Elven Halls |   4809 |   4663 |    146 |    165 |   3496 |   3 | 1603.0 |
        Vaults |   8744 |   8201 |    543 |    293 |   6138 |   4 | 2186.0 |
         Crypt |   2152 |   2114 |     38 |    280 |   1459 |   2 | 1076.0 |
        Bazaar |    104 |    104 |      0 |      0 |     94 |   1 |  104.0 |
         Sewer |    351 |    351 |      0 |    231 |     90 |   1 |  351.0 |
       Ossuary |    835 |    835 |      0 |    185 |    387 |   1 |  835.0 |
    Desolation |   1876 |   1876 |      0 |    102 |   1449 |   1 | 1876.0 |
      Gauntlet |   1278 |   1278 |      0 |    747 |    172 |   1 | 1278.0 |
               +--------+--------+--------+--------+--------+-----+--------+

Top non-repeatable levels by time:
  Lair:6: 2757 daAuts
Vaults:3: 2526 daAuts
Spider:1: 2338 daAuts
Vaults:1: 2331 daAuts
Vaults:2: 2189 daAuts
   Elf:3: 2156 daAuts
 Swamp:3: 2153 daAuts
    D:14: 1975 daAuts
  Lair:3: 1918 daAuts
 Swamp:1: 1916 daAuts
Spider:4: 1900 daAuts
Spider:3: 1897 daAuts
Desolation: 1876 daAuts
    D:10: 1829 daAuts
Vaults:4: 1696 daAuts
